General information
			
			
        
        - name: BNet
 
        - type: Ladder team game (AT/RT)
 
        - host: Battle.net
 
        - saver: Gobiner
 
        
map: Monsoon 
        - players: 6
 
        - length: 35:10
 
        - speed: Fast
 - version: 1.22 W3XP
 - replay type:  Public
 
» download(243 KB)
Players
        team 1 (winner) 
              
              
Gobiner (
orange | 52 APM | 1846 actions | 35:10)
              
 6 Blademaster 
 3 Wind Walk
 2 Critical Strike
 1 Bladestorm
 
                » actions 
                
                | Assign group hotkey | 12 |  | 
| Basic commands | 19 |  | 
| Build / train | 90 |  | 
| ESC pressed | 1 |  | 
| Enter build submenu | 76 |  | 
| Enter hero's abilities submenu | 6 |  | 
| Give item / drop item | 9 |  | 
| Right click | 709 |  | 
| Select / deselect | 256 |  | 
| Select group hotkey | 465 |  | 
| Use ability | 202 |  | 
                1846 total
 » units 
                » upgrades
                
                | Liquid Fire | 1 |  | 
| Ranged Weapons | 3 |  | 
| Armor | 3 |  | 
| Spiked Barricades | 1 |  | 
| Envenomed Spears | 1 |  | 
| Troll Regeneration | 1 |  | 
| Burning Oil | 1 |  | 
                11 total
 » buildings
                
                | Altar of Storms | 1 |  | 
| Orc Burrow | 4 |  | 
| War Mill | 1 |  | 
| Voodoo Lounge | 3 |  | 
| Watch Tower | 58 |  | 
| Stronghold | 3 |  | 
| Fortress | 1 |  | 
| Beastiary | 2 |  | 
| Great Hall | 3 |  | 
| Barracks | 1 |  | 
                77 total
 » build order
                00:05 Altar of Storms
00:17 Orc Burrow
00:29 War Mill
01:23 Voodoo Lounge
01:52 Watch Tower
02:13 Orc Burrow
02:36 Watch Tower
03:33 Watch Tower
03:37 Watch Tower
04:15 Watch Tower
04:18 Watch Tower
04:50 Voodoo Lounge
05:40 Stronghold
05:40 Stronghold
05:52 Watch Tower
06:03 Watch Tower
06:36 Watch Tower
06:41 Watch Tower
07:23 Voodoo Lounge
08:12 Watch Tower
08:13 Watch Tower
08:17 Fortress
08:20 Beastiary
08:21 Beastiary
08:26 Orc Burrow
09:24 Watch Tower
09:27 Watch Tower
09:48 Great Hall
11:06 Watch Tower
11:07 Watch Tower
11:08 Watch Tower
11:09 Watch Tower
12:19 Watch Tower
12:38 Watch Tower
12:40 Watch Tower
12:41 Watch Tower
12:43 Watch Tower
13:03 Watch Tower
13:40 Watch Tower
14:14 Watch Tower
14:15 Watch Tower
14:30 Watch Tower
14:31 Watch Tower
14:38 Watch Tower
17:14 Watch Tower
19:55 Barracks
29:25 Watch Tower
29:26 Watch Tower
29:27 Watch Tower
29:28 Watch Tower
30:13 Watch Tower
30:15 Watch Tower
30:21 Watch Tower
30:25 Watch Tower
30:49 Watch Tower
30:50 Watch Tower
30:51 Watch Tower
30:52 Watch Tower
30:53 Watch Tower
30:53 Watch Tower
31:10 Great Hall
31:29 Watch Tower
31:31 Watch Tower
31:33 Watch Tower
31:36 Watch Tower
31:42 Great Hall
32:42 Watch Tower
32:43 Watch Tower
32:45 Watch Tower
32:46 Watch Tower
33:54 Watch Tower
33:55 Watch Tower
33:57 Watch Tower
33:58 Watch Tower
33:59 Watch Tower
» items
                
                | Boots of Speed | 1 |  | 
| Staff of Teleportation | 1 |  | 
| Lesser Clarity Potion | 7 |  | 
| Healing Salve | 3 |  | 
| Dust of Appearance | 1 |  | 
| Orb of Lightning | 1 |  | 
| Potion of Mana | 2 |  | 
| Tiny Great Hall | 1 |  | 
                17 total
  
               
              
              
kunt.roII (
red | 98 APM | 3437 actions | 35:07)
              
 4 Archmage 
 2 Blizzard
 2 Brilliance Aura
 2 Blood Mage 
 1 Flame Strike
 1 Banish
 3 Dark Ranger 
 2 Silence
 1 Life Drain
 
                » actions 
                
                | Assign group hotkey | 42 |  | 
| Basic commands | 53 |  | 
| Build / train | 110 |  | 
| ESC pressed | 2 |  | 
| Enter build submenu | 75 |  | 
| Enter hero's abilities submenu | 9 |  | 
| Give item / drop item | 10 |  | 
| Remove unit from queue | 2 |  | 
| Right click | 1262 |  | 
| Select / deselect | 353 |  | 
| Select group hotkey | 1174 |  | 
| Use ability | 343 |  | 
                3437 total
 » units 
                
                | Peasant | 20 |  | 
| Sorceress | 3 |  | 
| Priest | 3 |  | 
                26 total
 » upgrades
                
                | Masonry | 3 |  | 
| Lumber Harvesting | 2 |  | 
| Magic Sentry | 1 |  | 
| Sorceress Training | 2 |  | 
| Priest Training | 2 |  | 
                10 total
 » buildings
                
                | Altar of Kings | 1 |  | 
| Farm | 6 |  | 
| Lumber Mill | 1 |  | 
| Scout Tower | 99 |  | 
| Arcane Tower | 3 |  | 
| Guard Tower | 32 |  | 
| Keep | 1 |  | 
| Castle | 2 |  | 
| Arcane Sanctum | 2 |  | 
| Town Hall | 2 |  | 
| Arcane Vault | 2 |  | 
                151 total
 » build order
                00:06 Altar of Kings
00:19 Farm
00:40 Lumber Mill
01:03 Farm
01:11 Scout Tower
01:32 Farm
01:39 Scout Tower
01:40 Arcane Tower
02:00 Scout Tower
02:11 Scout Tower
02:40 Guard Tower
03:04 Guard Tower
03:05 Guard Tower
03:05 Guard Tower
03:20 Scout Tower
03:21 Scout Tower
03:22 Guard Tower
03:51 Scout Tower
03:54 Scout Tower
03:56 Guard Tower
04:49 Guard Tower
04:50 Scout Tower
04:51 Scout Tower
05:19 Keep
05:36 Guard Tower
05:37 Scout Tower
05:37 Scout Tower
06:18 Guard Tower
06:19 Scout Tower
06:20 Scout Tower
06:40 Farm
07:16 Guard Tower
07:21 Scout Tower
07:22 Scout Tower
07:31 Scout Tower
07:31 Scout Tower
07:32 Scout Tower
07:59 Castle
08:01 Arcane Tower
08:39 Guard Tower
09:15 Scout Tower
09:16 Scout Tower
09:20 Arcane Sanctum
10:11 Guard Tower
11:02 Arcane Sanctum
11:07 Town Hall
12:00 Scout Tower
12:01 Scout Tower
12:26 Farm
12:26 Farm
12:46 Guard Tower
12:48 Guard Tower
12:48 Guard Tower
13:34 Scout Tower
13:35 Scout Tower
15:20 Scout Tower
15:22 Scout Tower
15:27 Scout Tower
15:28 Scout Tower
15:28 Scout Tower
15:29 Scout Tower
15:29 Scout Tower
15:31 Guard Tower
16:43 Scout Tower
16:44 Scout Tower
16:45 Scout Tower
16:46 Scout Tower
16:46 Scout Tower
16:47 Scout Tower
16:48 Scout Tower
16:49 Scout Tower
16:49 Scout Tower
18:05 Arcane Vault
18:06 Arcane Vault
19:22 Arcane Tower
19:28 Guard Tower
25:09 Scout Tower
25:10 Scout Tower
25:11 Scout Tower
25:45 Scout Tower
25:46 Scout Tower
25:47 Scout Tower
25:52 Scout Tower
25:53 Scout Tower
25:54 Scout Tower
25:55 Scout Tower
25:56 Scout Tower
25:56 Scout Tower
26:22 Guard Tower
26:26 Scout Tower
26:27 Scout Tower
26:27 Scout Tower
26:29 Scout Tower
26:30 Scout Tower
26:30 Scout Tower
26:31 Scout Tower
26:31 Scout Tower
26:36 Guard Tower
26:38 Scout Tower
26:38 Scout Tower
26:40 Scout Tower
26:40 Scout Tower
26:41 Scout Tower
26:42 Scout Tower
26:58 Guard Tower
27:00 Guard Tower
27:33 Guard Tower
27:51 Guard Tower
27:57 Guard Tower
28:00 Scout Tower
28:01 Scout Tower
28:02 Scout Tower
28:12 Scout Tower
28:13 Scout Tower
28:13 Scout Tower
30:06 Scout Tower
30:07 Scout Tower
30:08 Scout Tower
30:09 Scout Tower
30:10 Scout Tower
30:10 Scout Tower
30:12 Scout Tower
30:12 Scout Tower
30:13 Scout Tower
30:14 Scout Tower
30:15 Scout Tower
30:15 Scout Tower
32:30 Town Hall
32:33 Guard Tower
32:35 Scout Tower
32:54 Scout Tower
32:54 Scout Tower
32:55 Scout Tower
32:56 Scout Tower
32:57 Scout Tower
32:57 Scout Tower
32:58 Scout Tower
32:59 Scout Tower
33:00 Scout Tower
33:03 Scout Tower
33:03 Scout Tower
33:04 Scout Tower
33:05 Scout Tower
33:07 Guard Tower
34:39 Guard Tower
34:40 Guard Tower
34:40 Guard Tower
34:50 Guard Tower
» items
                
                | Staff of Teleportation | 3 |  | 
| Boots of Speed | 3 |  | 
| Healing Salve | 3 |  | 
| Orb of Lightning | 3 |  | 
| Staff of Sanctuary | 3 |  | 
| Circlet of Nobility | 2 |  | 
| Tiny Great Hall | 1 |  | 
| Potion of Lesser Invulnerability | 1 |  | 
| Lesser Clarity Potion | 1 |  | 
| Scroll of Town Portal | 2 |  | 
                22 total
  
               
              
              
MrFrosty (
teal | 102 APM | 3599 actions | 35:08)
              
 5 Mountain King 
 3 Storm Bolt
 2 Bash
 3 Paladin 
 2 Holy Light
 1 Divine Shield
 
                » actions 
                
                | Assign group hotkey | 19 |  | 
| Basic commands | 23 |  | 
| Build / train | 107 |  | 
| ESC pressed | 1 |  | 
| Enter build submenu | 40 |  | 
| Enter hero's abilities submenu | 8 |  | 
| Give item / drop item | 24 |  | 
| Remove unit from queue | 1 |  | 
| Right click | 2215 |  | 
| Select / deselect | 465 |  | 
| Select group hotkey | 460 |  | 
| Use ability | 234 |  | 
                3599 total
 » units 
                
                | Peasant | 17 |  | 
| Priest | 7 |  | 
| Sorceress | 4 |  | 
                28 total
 » upgrades
                
                | Masonry | 3 |  | 
| Magic Sentry | 1 |  | 
| Sorceress Training | 2 |  | 
| Priest Training | 2 |  | 
| Lumber Harvesting | 2 |  | 
| Backpack | 1 |  | 
                11 total
 » buildings
                
                | Altar of Kings | 1 |  | 
| Farm | 3 |  | 
| Scout Tower | 42 |  | 
| Lumber Mill | 1 |  | 
| Arcane Tower | 8 |  | 
| Arcane Vault | 3 |  | 
| Guard Tower | 15 |  | 
| Town Hall | 1 |  | 
| Keep | 1 |  | 
| Arcane Sanctum | 1 |  | 
| Castle | 1 |  | 
                77 total
 » build order
                00:08 Altar of Kings
00:20 Farm
00:39 Scout Tower
01:06 Lumber Mill
01:12 Arcane Tower
01:27 Farm
01:36 Scout Tower
01:56 Arcane Vault
02:24 Arcane Vault
02:36 Guard Tower
03:01 Scout Tower
03:04 Scout Tower
03:38 Guard Tower
03:40 Scout Tower
04:00 Guard Tower
04:17 Farm
04:48 Guard Tower
04:50 Scout Tower
05:13 Town Hall
05:18 Scout Tower
05:19 Scout Tower
05:29 Arcane Tower
05:46 Guard Tower
06:15 Guard Tower
06:16 Scout Tower
06:17 Scout Tower
07:29 Arcane Tower
07:31 Keep
07:36 Guard Tower
07:37 Scout Tower
07:37 Scout Tower
07:58 Scout Tower
08:00 Scout Tower
09:41 Arcane Tower
09:42 Guard Tower
10:04 Arcane Sanctum
11:47 Castle
12:41 Scout Tower
12:43 Scout Tower
12:44 Scout Tower
14:18 Arcane Tower
14:21 Arcane Tower
14:22 Guard Tower
16:26 Scout Tower
16:27 Scout Tower
16:28 Scout Tower
19:33 Guard Tower
19:37 Scout Tower
20:23 Guard Tower
20:25 Scout Tower
20:27 Scout Tower
21:50 Arcane Tower
21:52 Scout Tower
22:26 Guard Tower
25:28 Scout Tower
25:28 Scout Tower
25:29 Scout Tower
25:30 Scout Tower
25:32 Scout Tower
25:33 Scout Tower
25:33 Scout Tower
26:30 Guard Tower
26:51 Scout Tower
26:52 Scout Tower
26:53 Scout Tower
27:00 Scout Tower
27:01 Scout Tower
27:02 Scout Tower
27:22 Arcane Tower
27:23 Guard Tower
27:27 Scout Tower
27:27 Scout Tower
27:30 Scout Tower
27:31 Scout Tower
27:32 Scout Tower
28:11 Guard Tower
32:24 Arcane Vault
» items
                
                | Boots of Speed | 2 |  | 
| Staff of Teleportation | 2 |  | 
| Scroll of Regeneration | 5 |  | 
| Lesser Clarity Potion | 7 |  | 
| Healing Salve | 2 |  | 
| Orb of Lightning | 1 |  | 
| Circlet of Nobility | 1 |  | 
| Potion of Lesser Invulnerability | 1 |  | 
| Staff of Sanctuary | 2 |  | 
| Potion of Mana | 4 |  | 
| Potion of Healing | 3 |  | 
| Scroll of Town Portal | 2 |  | 
                32 total
  
               team 2 (loser) 
              
              
Daisuke328 (
green | 80 APM | 2797 actions | 35:07)
              
 7 Priestess of the Moon 
 3 Trueshot Aura
 3 Searing Arrows
 1 Starfall
 2 Keeper of the Grove 
 1 Entangling Roots
 1 Thorns Aura
 
                » actions 
                
                | Assign group hotkey | 32 |  | 
| Basic commands | 219 |  | 
| Build / train | 92 |  | 
| ESC pressed | 2 |  | 
| Enter build submenu | 24 |  | 
| Enter hero's abilities submenu | 9 |  | 
| Give item / drop item | 2 |  | 
| Right click | 1069 |  | 
| Select / deselect | 744 |  | 
| Select group hotkey | 404 |  | 
| Use ability | 199 |  | 
                2797 total
 » units 
                
                | Wisp | 35 |  | 
| Huntress | 9 |  | 
| Dryad | 1 |  | 
| Druid of the Claw | 5 |  | 
| Mountain Giant | 1 |  | 
| Chimaera | 5 |  | 
                56 total
 » upgrades
                
                | Druid of the Claw Training | 2 |  | 
| Sentinel | 1 |  | 
| Strength of the Wild | 3 |  | 
| Corrosive Breath | 1 |  | 
| Mark of the Claw | 1 |  | 
| Reinforced Hides | 1 |  | 
| Well Spring | 1 |  | 
                10 total
 » buildings
                
                | Moon Well | 10 |  | 
| Altar of Elders | 1 |  | 
| Hunter's Hall | 1 |  | 
| Ancient of War | 1 |  | 
| Tree of Ages | 2 |  | 
| Ancient of Lore | 2 |  | 
| Tree of Life | 2 |  | 
| Ancient of Wonders | 1 |  | 
| Tree of Eternity | 1 |  | 
| Ancient Protector | 1 |  | 
| Ancient of Wind | 1 |  | 
| Chimaera Roost | 2 |  | 
                25 total
 » build order
                00:05 Moon Well
00:19 Altar of Elders
01:31 Hunter's Hall
01:36 Ancient of War
01:59 Moon Well
02:51 Tree of Ages
02:51 Tree of Ages
03:42 Moon Well
04:03 Moon Well
04:26 Moon Well
05:19 Ancient of Lore
05:53 Ancient of Lore
05:57 Moon Well
06:39 Tree of Life
06:55 Ancient of Wonders
08:52 Moon Well
08:56 Moon Well
11:45 Tree of Eternity
12:34 Ancient Protector
12:46 Ancient of Wind
14:12 Chimaera Roost
14:34 Chimaera Roost
18:06 Moon Well
18:08 Moon Well
21:53 Tree of Life
» items
                
                | Orb of Venom | 1 |  | 
| Scroll of Town Portal | 1 |  | 
| Dust of Appearance | 1 |  | 
                3 total
  
               
              
              
kofjai (
purple | 49 APM | 1723 actions | 35:06)
              
 3 Death Knight 
 2 Death Coil
 1 Unholy Aura
 4 Lich 
 2 Frost Nova
 2 Frost Armor
 
                » actions 
                
                | Basic commands | 80 |  | 
| Build / train | 85 |  | 
| Enter build submenu | 23 |  | 
| Enter hero's abilities submenu | 7 |  | 
| Remove unit from queue | 1 |  | 
| Right click | 941 |  | 
| Select / deselect | 464 |  | 
| Use ability | 122 |  | 
                1723 total
 » units 
                
                | Acolyte | 6 |  | 
| Ghoul | 6 |  | 
| Crypt Fiend | 15 |  | 
| Necromancer | 22 |  | 
| Obsidian Statue | 5 |  | 
| Frost Wyrm | 7 |  | 
                61 total
 » upgrades
                
                | Web | 1 |  | 
| Necromancer Training | 1 |  | 
| Creature Attack | 1 |  | 
| Freezing Breath | 1 |  | 
                4 total
 » buildings
                
                | Crypt | 1 |  | 
| Ziggurat | 8 |  | 
| Altar of Darkness | 1 |  | 
| Graveyard | 1 |  | 
| Halls of the Dead | 1 |  | 
| Nerubian Tower | 1 |  | 
| Tomb of Relics | 1 |  | 
| Temple of the Damned | 1 |  | 
| Slaughterhouse | 1 |  | 
| Black Citadel | 1 |  | 
| Sacrificial Pit | 2 |  | 
| Boneyard | 3 |  | 
                22 total
 » build order
                00:08 Crypt
00:10 Ziggurat
00:51 Altar of Darkness
01:04 Graveyard
01:41 Ziggurat
02:25 Halls of the Dead
02:49 Nerubian Tower
03:48 Tomb of Relics
04:12 Ziggurat
05:50 Temple of the Damned
05:53 Slaughterhouse
05:56 Ziggurat
08:13 Ziggurat
08:42 Ziggurat
14:12 Black Citadel
16:03 Sacrificial Pit
16:56 Sacrificial Pit
17:33 Ziggurat
19:08 Boneyard
19:12 Boneyard
19:18 Boneyard
20:47 Ziggurat
» items
                 
               
              
              
stilosingstreak (
blue | 53 APM | 1852 actions | 35:02)
              
 4 Mountain King 
 2 Storm Bolt
 2 Bash
 3 Naga Sea Witch 
 2 Frost Arrows
 1 Mana Shield
 
                » actions 
                
                | Assign group hotkey | 19 |  | 
| Build / train | 62 |  | 
| Enter build submenu | 19 |  | 
| Enter hero's abilities submenu | 7 |  | 
| Right click | 1030 |  | 
| Select / deselect | 354 |  | 
| Select group hotkey | 290 |  | 
| Use ability | 71 |  | 
                1852 total
 » units 
                
                | Peasant | 13 |  | 
| Rifleman | 5 |  | 
| Mortar Team | 17 |  | 
                35 total
 » upgrades
                
                | Gunpowder | 3 |  | 
| Armor | 3 |  | 
| Flare | 1 |  | 
| Fragmentation Shards | 1 |  | 
| Long Rifles | 1 |  | 
                9 total
 » buildings
                
                | Altar of Kings | 1 |  | 
| Blacksmith | 1 |  | 
| Farm | 9 |  | 
| Barracks | 1 |  | 
| Scout Tower | 1 |  | 
| Arcane Tower | 1 |  | 
| Keep | 1 |  | 
| Lumber Mill | 1 |  | 
| Workshop | 3 |  | 
| Castle | 1 |  | 
| Arcane Vault | 1 |  | 
                21 total
 » build order
                00:04 Altar of Kings
00:07 Blacksmith
00:35 Farm
01:35 Barracks
01:41 Farm
01:56 Scout Tower
02:22 Farm
02:27 Arcane Tower
03:58 Keep
04:17 Farm
04:27 Lumber Mill
05:55 Farm
06:22 Workshop
06:26 Workshop
06:39 Workshop
06:44 Farm
07:30 Farm
08:30 Farm
09:23 Farm
13:07 Castle
14:50 Arcane Vault
» items
                
                | Scroll of Regeneration | 2 |  | 
| Potion of Healing | 1 |  | 
| Orb of Fire | 1 |  | 
| Potion of Mana | 1 |  | 
| Lesser Clarity Potion | 1 |  | 
                6 total
  
                Chat log
          (00:07 / All) kunt.roII: GL hf
(00:10 / All) MrFrosty:  
(00:13 / All) stilosingstreak: u too
(00:23 / All) kunt.roII: a/s/l
(00:25 / All) MrFrosty:  
(00:31 / All) kofjai: lol
(00:35 / All) kofjai: markham
(01:12 / All) kunt.roII:  ? ?
(06:48 / Allies) MrFrosty: wlep
(06:57 / Allies) MrFrosty: yeah
(07:03 / Allies) MrFrosty: its near dead
(07:04 / Allies) MrFrosty: just steal item
(07:18 / Allies) MrFrosty: no i just fucked it up
(07:21 / Allies) MrFrosty: claws laso
(07:43 / Allies) MrFrosty: ok sure
(09:59 / Allies) MrFrosty: lol
(15:32 / Allies) MrFrosty: owned
(17:08 / Allies) MrFrosty: yeah
(18:36 / Allies) MrFrosty: chimz
(19:30 / Allies) MrFrosty: mask needs to give air attack so bad
(21:03 / Allies) MrFrosty: go 4 it
(21:32 / Allies) MrFrosty: lollllllll
(22:06 / Allies) MrFrosty: after losing his main he detonated about 12 wisps on our heroes
(22:34 / All) kunt.roII: a/s/l
(22:37 / All) kunt.roII:   ?_?
(22:38 / All) Gobiner: gl hf
(23:00 / All) MrFrosty: aggronor the mighty wears his crown of kings inside his castle
(23:07 / All) MrFrosty: as invaders pound against its walls
(23:10 / Allies) Gobiner: a groaner
(23:22 / Allies) MrFrosty: wlep
(23:50 / Allies) MrFrosty: what
(24:30 / Allies) MrFrosty: wlep!
(24:39 / Allies) MrFrosty: it should be possible with hu staves
(24:43 / Allies) MrFrosty: but its nearly impossible
(25:00 / Allies) MrFrosty: never then
(25:12 / Allies) Gobiner: goondolences
(25:14 / Allies) MrFrosty: you can get sorcs to invis each other at the same time
(25:15 / Allies) Gobiner: on your base
(25:19 / Allies) MrFrosty: my castle
(25:22 / Allies) MrFrosty: my crown...
(25:37 / Allies) kunt.roII: this gods way of saying that gays are bad people
(25:51 / All) MrFrosty: aggronor the mighty returns to his kingdom to find it in ruins
(26:49 / Allies) MrFrosty: aggronor cant simply build a new castle
(27:11 / Allies) MrFrosty: yo send aid to my kingdom
(27:15 / Allies) kunt.roII: UGH
(27:20 / Allies) MrFrosty: ran out of army
(27:40 / All) kunt.roII: blue, protip:
(27:44 / All) kunt.roII: 5 on gold gathers more than 2
(27:54 / All) MrFrosty: the marauders return
(29:36 / All) Gobiner: blue I leave your base alone
(29:44 / All) kunt.roII: 1 shot
(29:45 / Allies) kunt.roII: 1 kill
(29:49 / All) kunt.roII: 1 kill
(29:52 / All) kunt.roII: NO SKILL
(31:45 / All) MrFrosty: granis darkhammer is left to tend to the falling kingdom as aggronor takes his leave
(33:34 / All) MrFrosty: aggronor the mighty prepares to leave his castle taking with him his riches and the few remaining servants
(34:15 / Allies) MrFrosty: good idea